 Dungeon Crawl Stone Soup version 0.18.1-48-g4cf74bf (webtiles) character file.

218890 Necrotakul the Severer (level 19, -1/155 HPs)
             Began as a Formicid Fighter on June 26, 2016.
             Was the Champion of Qazlal.
             Slain by a sea snake (28 damage)
             ... on level 4 of the Shoals on June 28, 2016.
             The game lasted 02:04:48 (35387 turns).

Necrotakul the Severer (Formicid Fighter)          Turns: 35387, Time: 02:04:48

Health: -1/155     AC: 29    Str: 26    XL:     19   Next: 87%
Magic:  22/30      EV: 15    Int:  7    God:    Qazlal [******]
Gold:   1133       SH: 20    Dex: 15    Spells: 4 memorised, 8 levels left

rFire  + . .     SeeInvis +     m - +2 battleaxe (freeze)
rCold  + . .     Gourm    .     F - +6 chain mail "Diod" {rF+ rC+ rN+ Int-2}
rNeg   + . .     Faith    .     c - +0 shield
rPois  +         Spirit   .     (helmet unavailable)
rElec  .         Dismiss  .     e - +1 cloak
rCorr  +         Reflect  .     N - +1 pair of gloves {Str+3}
SustAt .         Harm     .     A - +0 pair of boots
MR     +....                    (no amulet)
Stlth  ..........               L - ring of poison resistance
                                l - ring of resist corrosion

@: protected from physical damage, glowing, repel missiles, somewhat resistant
to hostile enchantments, extremely unstealthy
A: permanent stasis, dig shafts and tunnels, four strong arms, antennae 3
a: Dig, Shaft Self, Upheaval, Elemental Force, Disaster Area, Renounce Religion
}: 1/15 runes: serpentine


You were on level 4 of the Shoals.
You worshipped Qazlal.
Qazlal was exalted by your worship.
You were not hungry.

You visited 6 branches of the dungeon, and saw 34 of its levels.

You collected 3068 gold pieces.
You spent 1935 gold pieces at shops.

Inventory:

Hand Weapons
 m - a +2 battleaxe of freezing (weapon)
Missiles
 d - 7 steel javelins (quivered)
Armour
 c - a +0 shield (worn)
 e - a +1 cloak (worn)
 A - a +0 pair of boots (worn)
 F - the +6 chain mail "Diod" (worn) {rF+ rC+ rN+ Int-2}
   (You bought it in a shop on level 7 of the Dungeon)

   It affects your intelligence (-2).
   It protects you from fire.
   It protects you from cold.
   It protects you from negative energy.
 N - a +1 pair of gloves of strength (worn)
Rods
 X - a +7 rod of inaccuracy (12/12)
   (You found it on level 8 of the Lair of Beasts)
Jewellery
 k - an uncursed ring of protection from cold
 l - a ring of resist corrosion (left hand)
 B - an uncursed ring of protection from fire
 L - a ring of poison resistance (right hand)
 Q - an uncursed ring of positive energy
Wands
 t - a wand of teleportation (6/9)
 M - a wand of disintegration (10/24)
 P - a wand of acid (10/15)
 R - a wand of teleportation (2/9)
 V - a wand of heal wounds (5/9)
Scrolls
 a - 3 scrolls of magic mapping
 p - 7 scrolls of enchant armour
 q - 5 scrolls of vulnerability
 r - 12 scrolls of remove curse
 s - 5 scrolls of amnesia
 w - 5 scrolls of immolation
 y - 5 scrolls of recharging
 z - 2 scrolls of silence
 C - 2 scrolls of fear
 G - 2 scrolls of enchant weapon
 J - 2 scrolls of identify
 K - a scroll of brand weapon
 U - 3 scrolls of holy word
Potions
 b - 3 potions of heal wounds
 h - 9 potions of curing
 i - 4 potions of cancellation
 n - a potion of brilliance
 o - 3 potions of magic
 u - 8 potions of flight
 x - 3 potions of agility
 D - 5 potions of might
 S - a potion of resistance
 Y - a potion of cure mutation
Books
 j - a book of Misfortune

   Spells                             Type                      Level
   a - Confusing Touch                Hexes                        2
   b - Confuse                        Hexes                        3
   c - Gell's Gravitas                Hexes/Translocation          3
   d - Petrify                        Transmutation/Earth          4
   e - Metabolic Englaciation         Hexes/Ice                    5
   f - Yara's Violent Unravelling     Hexes/Transmutation          5
 H - a book of the Earth

   Spells                             Type                      Level
   a - Leda's Liquefaction            Hexes/Earth                  4
   b - Bolt of Magma                  Conjuration/Fire/Earth       5
   c - Statue Form                    Transmutation/Earth          6
   d - Iron Shot                      Conjuration/Earth            6
   e - Shatter                        Earth                        9
Miscellaneous
 W - a phantom mirror
Comestibles
 f - 19 bread rations
 g - 13 beef jerkies
 v - 10 meat rations
 E - 14 royal jellies
 I - 5 fruits
 O - 2 chunks of flesh


   Skills:
 - Level 15.0 Fighting
 - Level 20.2 Axes
 - Level 15.0 Armour
 - Level 10.9 Dodging
 - Level 9.0 Shields
 + Level 14.7 Invocations


You had 8 spell levels left.
You knew the following spells:

 Your Spells              Type           Power        Failure   Level  Hunger
a - Apportation           Tloc           #.........   99%         1    ##.....
b - Cure Poison           Pois           #.........   100%        2    ###....
c - Mephitic Cloud        Conj/Pois/Air  #.......     100%        3    ####...
d - Passage of Golubria   Tloc           N/A          100%        4    #####..


Dungeon Overview and Level Annotations

Branches:
Dungeon (15/15)            Temple (1/1) D:5            Lair (8/8) D:10
 Shoals (4/4) Lair:3        Snake (4/4) Lair:6        Slime (0/6) Lair:6
    Orc (2/2) D:12            Elf (0/3) Orc:2        Vaults (0/5) D:14
 Depths (0/5) D:15

Altars:
Ashenzari
Cheibriados
Dithmenos
Elyvilon
Fedhas
Gozag
Kikubaaqudgha
Makhleb
Nemelex Xobeh
Okawaru
Pakellas
Qazlal
Ru
Sif Muna
Trog
Vehumet
Xom
Yredelemnul
Zin
The Shining One
Jiyva

Shops:
D:7 *   D:12 [   D:13 =   D:15 *   Orc:1 =   Orc:2 ?([*[


Innate Abilities, Weirdness & Mutations

You are under a permanent stasis effect.
You can dig through walls and to a lower floor.
Your four strong arms can wield two-handed weapons with a shield.
You have a pair of large antennae on your head (SInv).


Message History

The blast of rubble hits the satyr.
You kill the satyr!
Qazlal accepts your kill.
The blast of magma engulfs the merfolk javelineer.
The merfolk javelineer is severely wounded.
The blast of magma engulfs the water elemental.
The water elemental is burned terribly!
You destroy the water elemental!
The cutting wind hits the plant.
The plant is heavily damaged.
The blast of ice hits the merfolk.
The merfolk is heavily wounded.
The merfolk is flash-frozen.
The blast of ice hits Ilsuiw.
The tide is released from Ilsuiw's call.
You kill Ilsuiw!
Qazlal accepts your kill.
You gasp with relief as air once again reaches your lungs.
You block the faun's attack. You block the merfolk's attack.
The sea snake bites you!!
You die...

.c≈≈
..P......P≈≈≈≈≈≈
≈≈c.
............§≈t≈ .
..........P≈≈cm≈≈
...........)§≈§≈≈
........(.)t§m≈≈≈
≈.≈§..§.m≈§§§≈c≈≈
.≈..P§§§c≈H(c≈≈≈≈≈
.≈..§((.§@)§).≈≈≈≈
.≈.PP..m.(Sc...≈≈≈
.≈.....§).§c...≈≈≈
"≈..P(....(.....≈≈
...PP...........≈[
P...P...(.........
.......<.........P
P................P
P.................


You could see a merfolk avatar, a merfolk javelineer, a satyr, a sea snake, 2
snapping turtles, 2 merfolk, 5 fauns and a manticore.

Vanquished Creatures
  Rupert (D:13)
  Polyphemus (Shoals:3)
  Gastronok (D:9)
  Roxanne (Shoals:3)
  Ilsuiw (Shoals:4)
  6 greater nagas (Snake:4)
  Donald (Shoals:3)
  A stone giant (Orc:2)
  Azrael (D:15)
  Snorg (D:13)
  An ettin (Orc:2)
  A merfolk javelineer (Shoals:3)
  4 merfolk impalers
  A yaktaur captain (D:15)
  A vault guard (D:14)
  14 naga warriors
  The ghost of Apert the Cleaver, a journeyman HOFi of Xom (Lair:2)
  8 hydras
  4 catoblepae
  Erolcha (D:9)
  6 centaur warriors
  2 merfolk aquamancers (Shoals:3)
  A death knight (D:15)
  2 satyrs (Shoals:4)
  3 merfolk avatars
  7 anacondas
  13 death yaks
  18 naga sharpshooters
  3 orc high priests (Orc:2)
  A tengu warrior (D:14)
  3 shock serpents
  The ghost of lepiPlod666 the Destroyer, a novice DrCj of Okawaru (D:9)
  Urug (Lair:3)
  3 skeletal warriors (D:15)
  5 sea snakes
  4 unseen horrors
  A wizard (D:14)
  4 salamander mystics
  8 orc knights
  5 naga ritualists
  5 hill giants
  3 necromancers
  4 harpies (Shoals:3)
  2 deep elf magi (D:15)
  12 mana vipers
  A wolf spider (D:15)
  7 orc sorcerers
  An oklob plant (Lair:8)
  18 salamanders
  12 griffons
  5 cyclopes
  A hornet (shapeshifter) (D:15)
  4 manticores
  10 fauns
  The ghost of Kloppie the Covered, a novice GrFi of Makhleb (D:6)
  7 ugly things
  Maurice (D:8)
  6 sirens
  5 elephants (Lair:8)
  15 naga magi
  2 centaur zombies
  2 water nymphs (Shoals:3)
  A guardian serpent (Snake:2)
  34 black mambas
  15 spiny frogs
  4 rime drakes
  2 kobold demonologists
  6 komodo dragons
  A yaktaur (D:15)
  An efreet (D:15)
  21 merfolk
  4 trolls
  A tengu conjurer (D:14)
  9 polar bears
  2 wind drakes
  7 blink frogs
  2 two-headed ogres
  6 snapping turtles
  6 water elementals
  Sigmund (D:5)
  2 spriggans (Lair:4)
  2 wraiths
  2 vampires (D:15)
  5 wyverns
  21 humans (D:14)
  91 yaks
  A basilisk (shapeshifter) (D:13)
  A fire elemental (D:15)
  A steam dragon (Lair:8)
  10 hippogriffs
  3 basilisks
  A hungry ghost (D:7)
  A redback simulacrum (D:9)
  3 mottled dragons
  46 nagas
  The ghost of Groucho the Skirmisher, an amateur GrFi of Makhleb (D:4)
  2 soldier ants
  3 wargs (Orc:2)
  14 water moccasins
  3 hell hounds (D:15)
  14 porcupines
  4 sky beasts
  3 ice beasts
  29 orc warriors
  6 wasps
  4 wolves
  An eye of draining (D:15)
  12 ogres
  A black bear (Lair:4)
  9 centaurs
  2 big kobolds
  14 crocodiles
  Blork the orc (D:5)
  A gnoll sergeant (D:8)
  20 giant frogs
  A wyvern zombie (D:10)
  A wyvern skeleton (D:10)
  4 scorpions
  4 jellies
  2 water moccasin skeletons
  6 killer bees (D:14)
  8 electric eels
  4 howler monkeys
  4 wights
  8 crimson imps
  2 giant frog zombies
  A wasp zombie (D:9)
  2 basilisk zombies (Lair:6)
  7 centaur skeletons
  A giant frog skeleton (D:4)
  5 hounds
  19 orc priests
  Crazy Yiuf (D:3)
  11 iguanas
  26 orc wizards
  Natasha (thrice) (D:3)
  9 worker ants
  A killer bee zombie (D:9)
  27 sheep
  A crocodile zombie (Lair:6)
  Robin (D:3)
  2 worker ant zombies
  7 adders
  4 gnolls
  2 howler monkey skeletons
  46 river rats
  3 shadow imps
  2 adder zombies
  An adder skeleton (D:6)
  8 worms
  A dart slug (D:3)
  A giant gecko (D:7)
  74 orcs
  A ball python (D:2)
  2 bats
  4 giant cockroaches
  16 goblins
  8 hobgoblins
  13 jackals
  14 kobolds
  3 quokkas
  A ball python skeleton (D:5)
  2 giant gecko skeletons
  7 giant newts
  A jackal skeleton (D:7)
  A quokka skeleton (D:8)
  7 rats
  3 bushes
  64 fungi
  43 plants
1223 creatures vanquished.

Vanquished Creatures (collateral kills)
  Nikola (Shoals:3)
  A naga warrior (Snake:3)
  A death yak (Lair:8)
  A naga sharpshooter (Snake:3)
  2 nagas
6 creatures vanquished.

Vanquished Creatures (others)
  A faun (Shoals:3)
  A hippogriff (Shoals:3)
  2 nagas
  11 fungi
  24 plants
39 creatures vanquished.

Grand Total: 1268 creatures vanquished

Notes
Turn   | Place    | Note
--------------------------------------------------------------
     0 | D:1      | Necrotakul the Formicid Fighter began the quest for the Orb.
     0 | D:1      | Reached XP level 1. HP: 18/18 MP: 1/1
   131 | D:1      | Reached XP level 2. HP: 24/24 MP: 2/2
   575 | D:2      | Reached skill level 3 in Axes
   618 | D:2      | Reached XP level 3. HP: 25/29 MP: 3/3
  1291 | D:2      | Reached skill level 4 in Axes
  1291 | D:2      | Reached XP level 4. HP: 29/35 MP: 4/4
  1693 | D:3      | Noticed Natasha
  1702 | D:3      | Killed Natasha
  1726 | D:3      | Reached XP level 5. HP: 33/41 MP: 5/5
  1915 | D:3      | Found a sacrificial altar of Ru.
  2000 | D:3      | Found an ancient bone altar of Kikubaaqudgha.
  2000 | D:3      | Found a basalt altar of Yredelemnul.
  2002 | D:3      | Found a white marble altar of Elyvilon.
  2046 | D:3      | Noticed Robin
  2054 | D:3      | Reached skill level 5 in Axes
  2068 | D:3      | Killed Robin
  2549 | D:3      | Noticed Natasha
  2558 | D:3      | Killed Natasha
  2640 | D:3      | Noticed Crazy Yiuf
  2648 | D:3      | Killed Crazy Yiuf
  2741 | D:3      | Reached XP level 6. HP: 40/47 MP: 6/6
  2963 | D:3      | Noticed Natasha
  2967 | D:3      | Killed Natasha
  2967 | D:3      | Reached skill level 6 in Axes
  3238 | D:4      | Noticed Groucho's ghost (amateur GrFi)
  3257 | D:4      | Killed Groucho's ghost
  3257 | D:4      | Reached skill level 5 in Armour
  3257 | D:4      | Reached XP level 7. HP: 24/52 MP: 7/7
  3744 | D:5      | Entered Level 5 of the Dungeon
  3747 | D:5      | Found a staircase to the Ecumenical Temple.
  3764 | D:5      | Noticed Blork the orc
  3787 | Temple   | Entered the Ecumenical Temple
  3816 | Temple   | Became a worshipper of Qazlal Stormbringer
  3894 | D:5      | Killed Blork the orc
  4086 | D:5      | Found a shadowy altar of Dithmenos.
  4209 | D:5      | Found a shattered altar of Ashenzari.
  4212 | D:5      | Found a sparkling altar of Nemelex Xobeh.
  4621 | D:5      | Noticed Sigmund
  4648 | D:5      | Killed Sigmund
  4648 | D:5      | Reached skill level 5 in Shields
  4648 | D:5      | Reached XP level 8. HP: 39/58 MP: 8/8
  4758 | D:5      | Found a bloodstained altar of Trog.
  4761 | D:5      | Found a snail-covered altar of Cheibriados.
  5513 | D:6      | Reached * piety under Qazlal
  5527 | D:6      | HP: 3/61 [orc warrior/morningstar (24)]
  5824 | D:6      | Noticed Kloppie's ghost (novice GrFi)
  5995 | D:6      | Reached skill level 5 in Fighting
  6701 | D:6      | Reached XP level 9. HP: 60/72 MP: 9/9
  7119 | D:6      | Reached skill level 1 in Invocations
  7592 | D:6      | Reached skill level 7 in Axes
  7704 | D:6      | Learned a level 1 spell: Apportation
  7764 | D:6      | Killed Kloppie's ghost
  7764 | D:6      | Reached skill level 8 in Axes
  8117 | D:6      | Reached ** piety under Qazlal
  8117 | D:6      | Reached skill level 9 in Axes
  8117 | D:6      | Reached XP level 10. HP: 20/81 MP: 10/10
  8661 | D:6      | Found a burning altar of Makhleb.
  9089 | D:7      | Found Ogreru's Assorted Antiques.
  9091 | D:7      | Bought a polished chain mail for 218 gold pieces
  9091 | D:7      | Bought 2 scrolls of identify for 92 gold pieces
  9103 | D:7      | Identified the +6 chain mail "Diod" {rF+ rC+ rN+ Int-2} (You bought it in a shop on level 7 of the Dungeon)
  9109 | D:7      | Reached skill level 13 in Axes
  9109 | D:7      | Reached XP level 11. HP: 87/87 MP: 11/11
  9110 | D:7      | Reached skill level 15 in Axes
  9110 | D:7      | Reached XP level 12. HP: 94/94 MP: 12/12
  9969 | D:8      | Noticed Maurice
  9977 | D:8      | Killed Maurice
 10649 | D:9      | Noticed Gastronok
 10664 | D:9      | Killed Gastronok
 10880 | D:9      | Reached *** piety under Qazlal
 10898 | D:9      | Learned a level 2 spell: Cure Poison
 10902 | D:9      | Learned a level 3 spell: Mephitic Cloud
 11062 | D:9      | Noticed Erolcha
 11076 | D:9      | Killed Erolcha
 11210 | D:9      | Noticed lepiPlod666's ghost (novice DrCj)
 11222 | D:9      | Killed lepiPlod666's ghost
 11534 | D:10     | Entered Level 10 of the Dungeon
 11599 | D:10     | Found a staircase to the Lair.
 11892 | D:10     | Reached skill level 1 in Dodging
 11899 | D:10     | Reached XP level 13. HP: 98/99 MP: 13/13
 12047 | D:10     | Reached **** piety under Qazlal
 12314 | D:11     | Reached skill level 5 in Dodging
 12778 | D:12     | Found Odoodum's Antique Armour Shoppe.
 13028 | D:12     | Bought a pair of runed gloves for 171 gold pieces
 13218 | D:12     | Found a staircase to the Orcish Mines.
 13318 | D:13     | Noticed Snorg
 13336 | D:13     | Killed Snorg
 13336 | D:13     | Reached ***** piety under Qazlal
 13586 | D:13     | Reached skill level 5 in Invocations
 13718 | D:13     | Found Yheyjos's Jewellery Emporium.
 13721 | D:13     | Bought an uncursed ring of poison resistance for 260 gold pieces
 13799 | D:13     | Noticed Rupert
 13809 | D:13     | Killed Rupert
 13927 | D:13     | Noticed a six-headed hydra
 13927 | D:13     | Noticed a centaur warrior
 13938 | D:13     | Killed an 11-headed hydra
 13938 | D:13     | Reached XP level 14. HP: 82/106 MP: 20/20
 14224 | D:13     | Reached skill level 10 in Invocations
 14460 | Lair:1   | Entered Level 1 of the Lair of Beasts
 14627 | Lair:1   | Reached skill level 10 in Fighting
 14777 | Lair:1   | Reached skill level 16 in Axes
 15573 | Lair:2   | Noticed Apert's ghost (journeyman HOFi)
 15583 | Lair:2   | Killed Apert's ghost
 15682 | Lair:2   | Identified the Guide on Bewitching Displacement
 16130 | Lair:3   | Noticed Urug
 16140 | Lair:3   | Killed Urug
 16360 | Lair:3   | Learned a level 4 spell: Passage of Golubria
 16448 | Lair:3   | Found a staircase to the Shoals.
 16639 | Lair:3   | Found an oddly glowing altar of Pakellas.
 17482 | Lair:4   | Reached XP level 15. HP: 74/120 MP: 22/22
 18146 | Lair:5   | Reached ****** piety under Qazlal
 18580 | Lair:5   | Found a bloodstained altar of Trog.
 19417 | Lair:6   | Found a viscous altar of Jiyva.
 19418 | Lair:6   | Found a staircase to the Slime Pits.
 19457 | Lair:6   | Found a staircase to the Snake Pit.
 19580 | Lair:6   | Got a vibrating turquoise ring
 19585 | Lair:6   | Identified the ring of Ephemeral Luck {*Tele rC+ Stlth+} (You found it on level 6 of the Lair of Beasts)
 20866 | Lair:8   | Entered Level 8 of the Lair of Beasts
 20911 | Lair:8   | Reached skill level 15 in Fighting
 21198 | Lair:8   | Reached skill level 17 in Axes
 21224 | Lair:8   | Reached XP level 16. HP: 70/136 MP: 18/23
 22497 | Orc:1    | Entered Level 1 of the Orcish Mines
 22701 | Orc:2    | Entered Level 2 of the Orcish Mines
 22701 | Orc:2    | Found a staircase to the Elven Halls.
 22973 | Orc:1    | Found a burning altar of Makhleb.
 23298 | Orc:1    | Found Laep Ena's Jewellery Shop.
 23402 | Orc:2    | Reached skill level 18 in Axes
 23931 | Orc:2    | Found Immusos's Magic Scroll Emporium.
 23940 | Orc:2    | Bought a scroll of enchant armour for 75 gold pieces
 23940 | Orc:2    | Bought a scroll of enchant weapon for 75 gold pieces
 23940 | Orc:2    | Bought a scroll of identify for 20 gold pieces
 23940 | Orc:2    | Bought a scroll of identify for 20 gold pieces
 24051 | Orc:2    | Found Tinnuf's Weapon Emporium.
 24055 | Orc:2    | Found Zarufesm's General Store.
 24061 | Orc:2    | Bought a scroll of identify for 28 gold pieces
 24061 | Orc:2    | Bought 2 scrolls of identify for 56 gold pieces
 24061 | Orc:2    | Bought a scroll of silence for 105 gold pieces
 24067 | Orc:2    | Found Hidoobb's Antique Armour Boutique.
 24069 | Orc:2    | Found Qatistreicu's Armour Emporium.
 24075 | Orc:2    | Bought a pair of embroidered gloves for 171 gold pieces
 24597 | D:14     | Reached skill level 19 in Axes
 24644 | D:14     | Found a gate to the Vaults.
 25368 | D:15     | Entered Level 15 of the Dungeon
 25406 | D:15     | Reached XP level 17. HP: 137/142 MP: 24/24
 25521 | D:15     | Noticed Azrael
 25532 | D:15     | Killed Azrael
 25726 | D:15     | Found Cuontehi's Assorted Antiques.
 25734 | D:15     | Bought a scroll of identify for 56 gold pieces
 25734 | D:15     | Bought a warped chain mail for 266 gold pieces
 25734 | D:15     | Bought a potion of might for 112 gold pieces
 25734 | D:15     | Bought a scroll of enchant armour for 210 gold pieces
 25735 | D:15     | Identified the cursed +1 chain mail of Jinuunn {*Confuse rN+++ MR- Str+3} (You bought it in a shop on level 15 of the Dungeon)
 26224 | D:15     | Reached skill level 20 in Axes
 26231 | D:15     | Found a staircase to the Depths.
 26631 | Snake:1  | Entered Level 1 of the Snake Pit
 27209 | Snake:2  | Reached skill level 10 in Armour
 27712 | Snake:2  | Found a shimmering altar of Xom.
 28840 | Snake:3  | Reached XP level 18. HP: 49/149 MP: 10/25
 30174 | Snake:4  | Entered Level 4 of the Snake Pit
 30860 | Snake:4  | Reached skill level 15 in Armour
 31744 | Snake:4  | Reached skill level 10 in Dodging
 31948 | Snake:4  | Reached XP level 19. HP: 147/155 MP: 26/26
 32260 | Snake:4  | Got a serpentine rune of Zot
 32551 | Shoals:1 | Entered Level 1 of the Shoals
 32685 | Shoals:1 | Identified a +7 rod of inaccuracy (12/12) (You found it on level 8 of the Lair of Beasts)
 33841 | Shoals:3 | Noticed Roxanne
 33881 | Shoals:3 | Killed Roxanne
 33923 | Shoals:3 | Noticed Polyphemus
 33955 | Shoals:3 | Killed Polyphemus
 34362 | Shoals:3 | Noticed Donald
 34378 | Shoals:3 | Killed Donald
 34439 | Shoals:3 | Noticed Nikola
 34448 | Shoals:3 | Killed Nikola
 35192 | Shoals:4 | Entered Level 4 of the Shoals
 35362 | Shoals:4 | Noticed Ilsuiw
 35387 | Shoals:4 | Killed Ilsuiw
 35387 | Shoals:4 | Slain by a sea snake

Skill      XL: |  1  2  3  4  5  6  7  8  9 10 11 12 13 14 15 16 17 18 19 |
---------------+----------------------------------------------------------+-----
Axes           | 3 4 5 6 9 13 15 16 17 19 20 | 20.2
Armour         | 5 6 9 13 15 | 15.0
Shields        | 5 6 9 |  9.0
Fighting       | 7 8 12 15 | 15.0
Invocations    | 1 8 10 14 | 14.7
Dodging        | 2 7 10 | 10.9

Action                   |  1- 3 |  4- 6 |  7- 9 | 10-12 | 13-15 | 16-18 | 19-21 || total
-------------------------+-------+-------+-------+-------+-------+-------+-------++-------
Melee: War axe           |   106 |   147 |   333 |       |       |       |       ||   586
       Battleaxe         |       |       |    15 |   258 |  1055 |  1159 |   415 ||  2902
Throw: Tomahawk          |       |       |       |     5 |       |       |       ||     5
Invok: Elemental Force   |       |       |       |       |     2 |     3 |     2 ||     7
       Upheaval          |       |       |       |       |       |     3 |     1 ||     4
       Disaster Area     |       |       |       |       |       |       |     1 ||     1
 Abil: Dig               |       |     1 |       |     2 |     1 |     5 |       ||     9
Evoke: Wand              |       |     5 |     4 |       |       |       |       ||     9
  Use: Potion            |       |     1 |     1 |     3 |       |     1 |     1 ||     7
       Scroll            |       |       |     8 |     4 |     9 |    13 |     6 ||    40
 Stab: Distracted        |       |       |       |       |     1 |     1 |       ||     2
       Petrified         |       |       |       |       |       |       |     1 ||     1
  Eat: Chunk             |     1 |     7 |    15 |    14 |    29 |    30 |    11 ||   107
       Pizza             |       |       |       |     2 |       |     1 |       ||     3
       Fruit             |       |       |       |       |     2 |     4 |     3 ||     9
Armor: Scale mail        |    38 |    45 |    88 |       |       |       |       ||   171
       Chain mail        |       |       |    51 |    81 |   310 |   242 |   126 ||   810
Dodge: Dodged            |    31 |    34 |    80 |    38 |   266 |   257 |   139 ||   845
       Deflected         |       |       |       |       |     6 |    57 |    31 ||    94
Block: Shield            |    51 |    65 |   197 |   163 |   858 |  1012 |   416 ||  2762
